 Dungeon Sprint DCSS version 0.30-a0-389-g8d7d949f56 (webtiles) character file.

Game seed: 7910811492405465503

5475 rocky1 the Warrior (level 10, -2/128 HPs)
             Began as an Ogre Monk on Dec 4, 2022.
             Was a High Priest of Cheibriados.
             Slain by a molten gargoyle
             ... wielding a +0 morningstar
              (11 damage)
             ... in the Dungeon (Sprint VII: "The Pits").
             The game lasted 00:03:19 (1858 turns).

rocky1 the Warrior (Ogre Monk)                      Turns: 1858, Time: 00:03:20

Health: -2/128     AC:  3    Str: 34    XL:     10   Next: 69%
Magic:  15/20      EV: 12    Int: 24    God:    Cheibriados [*****.]
Gold:   0          SH:  0    Dex: 24    Spells: 9/9 levels left

rFire   . . .      SeeInvis .    s - +2 morningstar (vorpal)
rCold   . . .      Faith    .    (no shield)
rNeg    . . .      Spirit   .    b - +0 robe
rPois   .          Reflect  .    (helmet restricted)
rElec   .          Harm     .    (no cloak)
rCorr   .          Rampage  .    (gloves unavailable)
Will    +....      NoTele   +    (boots unavailable)
Stlth   ++........               (no amulet)
HPRegen 0.41/turn                (no ring)
MPRegen 0.17/turn                (no ring)

@: very slow
A: large, unfitting armour, tough skin 1
a: Renounce Religion, Bend Time, Temporal Distortion, Slouch, Step From Time


You were in the Dungeon.
You worshipped Cheibriados.
Cheibriados was extremely pleased with you.
You visited 1 branch

Inventory:

Hand Weapons
 a - a +0 mace
 m - a +2 mace
 n - a +1 vorpal flail
 s - a +2 vorpal morningstar (weapon)
 t - a +2 war axe of freezing
Armour
 b - a +0 robe (worn)
Jewellery
 o - a +3 ring of strength
 p - a +3 ring of evasion
Scrolls
 i - a scroll of blinking
 k - 5 scrolls of amnesia
 l - a scroll of summoning
Potions
 c - a potion of ambrosia
 d - 9 potions of curing
 e - 9 potions of heal wounds
 f - 2 potions of haste
 g - 4 potions of magic
 h - 2 potions of berserk rage
 j - 2 potions of invisibility
 q - 2 potions of brilliance
 r - a potion of mutation
 u - a potion of lignification {unknown}


   Skills:
 + Level 16.6 Fighting
 * Level 16.2 Maces & Flails
 - Level 3.3 Dodging
 - Level 1.5 Stealth
 + Level 13.5 Invocations


You had 9 spell levels left.
You didn't know any spells.
Your spell library was empty.

Dungeon Overview and Level Annotations

Branches:
Dungeon (1/1)

Altars:
Ashenzari
Cheibriados
Dithmenos
Elyvilon
Fedhas
Gozag
Hepliaklqana
Kikubaaqudgha
Makhleb
Nemelex Xobeh
Okawaru
Qazlal
Ru
Sif Muna
Trog
Uskayaw
Vehumet
Wu Jian
Xom
Yredelemnul
Zin
The Shining One
Jiyva
Lugonu


Innate Abilities, Weirdness & Mutations

You are too large for most types of armour.
You have tough skin. (AC +1)


Message History

The molten gargoyle blasts magma at you!
The bolt of magma hits you!!! The worm misses you.
You impale the worm!!
You kill the worm!
Cheibriados appreciates the change of pace.
Cheibriados raises the support of your attributes as your movement slows.
The molten gargoyle hits you with a +0 morningstar!!
You are engulfed in flames!
You are too injured to fight recklessly!
Unknown command.
Activating: Slouch (0% risk of failure)
Press: ? - help, Dir - look around, f - activate You can feel time thicken for a moment.
Cheibriados lowers the support of your attributes as your movement quickens.
The molten gargoyle hits you with a +0 morningstar!
* * * LOW HITPOINT WARNING * * *
You are engulfed in flames!
* * * LOW HITPOINT WARNING * * *
You feel much better.
The molten gargoyle hits you with a +0 morningstar.
You are engulfed in flames!
Unknown command.
You hit the molten gargoyle but do no damage.
The molten gargoyle is severely damaged.
The molten gargoyle barely misses you.
You hit the molten gargoyle.
The molten gargoyle is almost destroyed.
You completely miss the molten gargoyle.
You punch the molten gargoyle, but do no damage.
The molten gargoyle is almost destroyed.
The molten gargoyle blasts magma at you!
The bolt of magma hits you!!
* * * LOW HITPOINT WARNING * * *
You closely miss the molten gargoyle.
The molten gargoyle is almost destroyed.
The molten gargoyle hits you with a +0 morningstar!
* * * LOW HITPOINT WARNING * * *
You are engulfed in flames!
You die...

........+ .#......#
........# #''######
#''###########
#......+..+...##
#......+..+.....##
#.....##..##....†##
#...###....###.9@.#
#..##........###.###
#''#...#..#...#....#
#.............'....+
#++#...#..#...#...)#
#..##........###.###
#...###....###....#
#.....##..##.....##
#...))'..'.)...##


You could see a molten gargoyle.

Vanquished Creatures
  A sun demon (D)
  Pikel (D)
  An elephant (D)
  A merfolk siren (D)
  A freezing wraith (D)
  A merfolk (D)
  7 dream sheep (D)
  A jumping spider (D)
  A flying skull (D)
  A wraith (D)
  A fire bat (D)
  A steam dragon (D)
  3 redbacks (D)
  A small abomination (D)
  A swamp drake (D)
  A black bear (D)
  A centaur (D)
  A phantom (D)
  2 lemures (D)
  A bullfrog (D)
  4 killer bees (D)
  A quasit (D)
  An orc priest (D)
  A gnoll bouda (D)
  An iguana (D)
  Jessica (D)
  2 orc wizards (D)
  4 gnolls (D)
  A river rat (D)
  An adder (D)
  A worm (D)
  2 orcs (D)
  A giant cockroach (D)
  4 goblins (D)
  2 ball pythons (D)
  A ball python zombie (D)
  A frilled lizard (D)
58 creatures vanquished.

Notes
Turn   | Place    | Note
-------+----------+-------------------------------------------
     0 | D        | rocky1 the Ogre Monk began the quest for the Orb.
     0 | D        | Reached XP level 1. HP: 24/24 MP: 1/1
    16 | D        | Reached skill level 5 in Fighting
    16 | D        | Reached XP level 2. HP: 32/35 MP: 2/2
    20 | D        | Found a bloodstained altar of Trog.
    20 | D        | Found a shimmering blue altar of Sif Muna.
    20 | D        | Found a viscous altar of Jiyva.
    20 | D        | Found a hazy altar of Hepliaklqana.
    20 | D        | Found an opulent altar of Gozag.
    45 | D        | Found a glowing golden altar of the Shining One.
    45 | D        | Found a glowing silver altar of Zin.
    45 | D        | Found a basalt altar of Yredelemnul.
    45 | D        | Found a shimmering altar of Xom.
    45 | D        | Found an ornate altar of the Wu Jian Council.
    45 | D        | Found a sacrificial altar of Ru.
    45 | D        | Found a stormy altar of Qazlal.
    45 | D        | Found an iron altar of Okawaru.
    45 | D        | Found a sparkling altar of Nemelex Xobeh.
    45 | D        | Found a burning altar of Makhleb.
    45 | D        | Found a blossoming altar of Fedhas.
    45 | D        | Found a white marble altar of Elyvilon.
    45 | D        | Found a shadowy altar of Dithmenos.
    45 | D        | Found a snail-covered altar of Cheibriados.
    48 | D        | Found a corrupted altar of Lugonu.
    48 | D        | Found a radiant altar of Vehumet.
    49 | D        | Found an ancient bone altar of Kikubaaqudgha.
    49 | D        | Found a hide-covered altar of Uskayaw.
    49 | D        | Found a broken altar of Ashenzari.
    58 | D        | Became a worshipper of Cheibriados the Contemplative
    58 | D        | Reached * piety under Cheibriados
    58 | D        | Reached ** piety under Cheibriados
    96 | D        | Reached skill level 1 in Invocations
    99 | D        | Reached *** piety under Cheibriados
   100 | D        | Reached XP level 3. HP: 38/44 MP: 2/4
   232 | D        | Reached skill level 5 in Maces & Flails
   233 | D        | Reached **** piety under Cheibriados
   419 | D        | Noticed a bullfrog
   420 | D        | Noticed a phantom
   421 | D        | Killed a bullfrog
   421 | D        | Reached ***** piety under Cheibriados
   422 | D        | Reached skill level 5 in Invocations
   422 | D        | Reached XP level 4. HP: 58/58 MP: 0/8
   422 | D        | Reached XP level 5. HP: 66/66 MP: 0/9
   425 | D        | Killed a phantom
   426 | D        | Reached XP level 6. HP: 59/76 MP: 0/10
   426 | D        | Reached ****** piety under Cheibriados
   507 | D        | Noticed Jessica
   509 | D        | Killed Jessica
   511 | D        | Noticed an elephant
   523 | D        | Killed an elephant
   524 | D        | Reached skill level 10 in Maces & Flails
   524 | D        | Reached XP level 7. HP: 22/88 MP: 1/13
   875 | D        | Noticed a redback
   877 | D        | Killed a redback
   878 | D        | Reached XP level 8. HP: 87/98 MP: 8/14
   985 | D        | Noticed a dream sheep
   985 | D        | Noticed a dream sheep
   985 | D        | Noticed a dream sheep
   985 | D        | Noticed a dream sheep
   985 | D        | Noticed a dream sheep
   985 | D        | Noticed a dream sheep
   986 | D        | Noticed a dream sheep
   989 | D        | Killed a dream sheep
   990 | D        | Killed a dream sheep
   990 | D        | Killed a dream sheep
   990 | D        | Killed a dream sheep
   990 | D        | Killed a dream sheep
   990 | D        | Killed a dream sheep
   990 | D        | Killed a dream sheep
   991 | D        | Reached XP level 9. HP: 90/113 MP: 5/17
  1184 | D        | Noticed a freezing wraith
  1190 | D        | Killed a freezing wraith
  1191 | D        | Reached skill level 15 in Fighting
  1191 | D        | Reached XP level 10. HP: 31/124 MP: 3/19
  1445 | D        | Noticed a sun demon
  1445 | D        | Noticed a merfolk siren
  1449 | D        | Killed a sun demon
  1450 | D        | Reached skill level 15 in Maces & Flails
  1450 | D        | Killed a merfolk siren
  1661 | D        | Noticed Pikel
  1680 | D        | Killed Pikel
  1850 | D        | Noticed a molten gargoyle
  1858 | D        | Slain by a molten gargoyle

Illustrated notes

Levels and vault maps discovered:
D:        pitsprint [storerooms_1, entrance_room_1, metal_vault_4, armoury_2,
          mini_pit_1, grid_room_1, main_hall_1, silver_pit, the_coven_3,
          the_vestibule_1, steel_vault_3, golden_pit, hallway_of_sentries,
          crystal_vault_3, iron_vault_4, final_vault]

Skill      XL: |  1  2  3  4  5  6  7  8  9 10 |
---------------+-------------------------------+-----
Fighting       | 5 8 9 11 12 14 15 16 | 16.6
Maces & Flails | 3 4 7 8 10 11 13 14 16 | 16.2
Dodging        | 3 |  3.3
Invocations    | 1 5 6 8 9 11 12 13 | 13.5
Stealth        | |  1.5

Action                   |  1- 3 |  4- 6 |  7- 9 | 10-12 || total
-------------------------+-------+-------+-------+-------++-------
Melee: Mace              |    25 |       |       |       ||    25
       Flail             |       |    15 |    11 |       ||    26
       Morningstar       |       |       |     4 |    15 ||    19
       Punch             |       |       |       |     1 ||     1
Invok: Slouch            |     1 |     2 |     6 |     8 ||    17
  Use: Potion            |     1 |       |     1 |     1 ||     3
 Stab: Sleeping          |       |       |     1 |       ||     1
Armor: Robe              |     6 |     6 |     1 |     1 ||    14
Dodge: Dodged            |    17 |    10 |     7 |     8 ||    42

Table legend: (Time is in decaauts)
 A = Elapsed time spent in this place.
 B = Non-inter-level travel time spent in this place.
 C = Inter-level travel time spent in this place.
 D = Time resting spent in this place.
 E = Time spent auto-exploring this place.
 F = Levels seen in this place.
 G = Mean time per level.
                   A        B        C        D        E       F      G
               +--------+--------+--------+--------+--------+-----+--------+
         Total |   2100 |   1994 |    106 |   1435 |      0 |   1 | 2100.0 |
       Dungeon |   2100 |   1994 |    106 |   1435 |      0 |   1 | 2100.0 |
               +--------+--------+--------+--------+--------+-----+--------+

Top non-repeatable levels by time:
       D: 2100 daAuts
